 Dungeon Crawl Stone Soup version 0.31-a0-1388-g4b2ba238e7 (webtiles) character file.

Game seed: 11612283143217550696

2660 quinnr the Zephyrmancer (level 9, -5/50 HPs)
             Began as a Tengu Air Elementalist on Dec 24, 2023.
             Was a Follower of Vehumet.
             Slain by a slime creature (14 damage)
             ... on level 6 of the Dungeon on Dec 25, 2023.
             The game lasted 00:20:37 (7500 turns).

quinnr the Zephyrmancer (Tengu Air Elementalist)    Turns: 7500, Time: 00:20:37

Health: -5/50      AC:  7    Str:  8    XL:     9   Next: 63%
Magic:  19/25      EV: 30    Int: 20    God:    Vehumet [*.....]
Gold:   281        SH:  8    Dex: 15    Spells: 4/16 levels left

rFire   . . .        (no weapon)
rCold   + . .        e - +3 warlock's mirror {omnireflect}
rNeg    + . .        z - +4 robe "Xoitsunk" {+Inv rElec rC+ rN+}
rPois   .            (helmet restricted)
rElec   +            E - +0 cloak
rCorr   .            (no gloves)
SInv    +            (boots unavailable)
Will    .....        (no amulet)
Stlth   ++           v - ring of see invisible
HPRegen 0.28/turn    m - ring of magical power
MPRegen 0.19/turn

%: reflection, acrobat
@: acrobatic, flying
A: beak, talons 3, evasive flight, acrobatic
a: Renounce Religion, Evoke Invisibility


You were on level 6 of the Dungeon.
You worshipped Vehumet.
Vehumet was aware of your devotion.
You visited 1 branch of the dungeon, and saw 10 of its levels.
You also visited: Sewer.

You collected 434 gold pieces.
You spent 153 gold pieces at shops.


Innate Abilities, Weirdness & Mutations

You have a beak for a mouth.
You have claws for feet.
Your magical flight helps you evade attacks. (EV +4)
You can magically evade attacks while moving or waiting.


   Skills:
 - Level 3.0 Fighting
 - Level 2.1 Dodging
 - Level 2.0 Stealth
 - Level 3.0 Shields
 - Level 4.0 Spellcasting
 + Level 9.8 Conjurations
 + Level 3.6 Ice Magic
 - Level 10.0 Air Magic
 - Level 2.0 Evocations


You had 4 spell levels left.
You knew the following spells:

 Your Spells              Type           Power      Damage    Failure   Level
a - Airstrike             Air            22%        2d(4-20)  3%          4
f - Freezing Cloud        Conj/Ice/Air   17%        6-21      22%         5
t - Static Discharge      Conj/Air       86%        3-7/arc   1%          2
z - Shock                 Conj/Air       100%       1d9       1%          1

Your spell library contained the following spells:

 Spells                   Type           Power      Damage    Failure   Level
 Freeze                   Ice            72%        1d8       4%          1
 Swiftness                Air            44%        N/A       1%          3
 Momentum Strike          Conj/Tloc      46%        3d9       3%          2
 Cigotuvi's Dreadful Rot  Necr/Alch/Air  34%        N/A       8%          2
 Blink                    Tloc           8%         N/A       28%         2
 Lesser Beckoning         Tloc           8%         N/A       28%         2
 Summon Guardian Golem    Hex/Summ       4%         N/A       50%         3
 Tukima's Dance           Hex            4%         N/A       50%         3
 Ignite Poison            Fire/Alch      4%         N/A       88%         4
 Passage of Golubria      Tloc           4%         N/A       88%         4
 Orb of Destruction       Conj           21%        9d8       96%         7
 Summon Forest            Summ/Tloc      2%         N/A       99%         5
 Summon Mana Viper        Hex/Summ       4%         N/A       99%         5
 Yara's Violent Unravell  Hex/Alch       2%         3d3       99%         5
 Summon Cactus Giant      Summ           2%         N/A       100%        6
 Spellforged Servitor     Conj/Summ      11%        N/A       100%        7

Inventory:

Missiles
 A - 6 atropa-tipped darts
Armour
 a - a +0 robe
 e - the +3 warlock's mirror (worn) {omnireflect}
   (You acquired it on level 2 of the Dungeon)

   Omnireflect: It can block and reflect piercing ranged attacks and magical
   attacks against the wielder's willpower.
 z - the +4 robe "Xoitsunk" (worn) {+Inv rElec rC+ rN+}
   (You bought it in a shop on level 4 of the Dungeon)

   rC+:       It protects you from cold.
   rElec:     It insulates you from electricity.
   rN+:       It protects you from negative energy.
   +Inv:      It lets you turn invisible.
 E - a +0 cloak (worn)
Jewellery
 m - a ring of magical power (right hand)
 v - a ring of see invisible (left hand)
 M - a ring of magical power
 R - a ring of resist corrosion
Wands
 t - a wand of roots (7)
 x - a wand of polymorph (24)
 C - a wand of mindburst (13)
Scrolls
 f - a scroll of blinking
 g - 2 scrolls of immolation
 i - 3 scrolls of fog {unknown}
 n - a scroll of teleportation {@r2}
 o - a scroll of butterflies {unknown}
 r - 2 scrolls of revelation {unknown}
 s - 3 scrolls of fear {unknown}
 y - 2 scrolls of amnesia {unknown}
 F - a scroll of enchant weapon {unknown}
Potions
 b - a potion of magic
 c - a potion of enlightenment
 d - a potion of mutation {unknown}
 h - 2 potions of berserk rage {unknown}
 j - 2 potions of might
 k - 2 potions of curing {@q1}
 l - 5 potions of invisibility {unknown}
 p - a potion of cancellation {unknown}
 q - 2 potions of resistance
 u - a potion of lignification {unknown}
 w - a potion of brilliance {unknown}
 B - a potion of heal wounds {@q2}
 D - a potion of haste {unknown}

Dungeon Overview and Level Annotations

Branches:
Dungeon (10/15)            Temple (0/1) D:7           Sewer (visited)
   Lair: D:8-11         Orc: D:9-12

Altars:
Ashenzari
Cheibriados
Fedhas
Ru
Vehumet

Shops:
D:4 [

Annotations:
D:3 1 runed translucent door, Crazy Yiuf

#.†....#####.#..#
##.###### ###..#
#..##⚑## ...
#.##...##
#.#⌠...⌠#
#.##...##
#.###.## #.#~#.##
#..@J.≈# ###≈#.##
###.# ... ...⌠
...## ##⚑## ##


You could see a slime creature.


Message History

Confirm with . or Enter, or press ? or * to list all spells.
Aiming: Shock (safe; 1% risk of failure)
Press: ? - help, Shift-Dir - straight line The zap misses the adder.
The zap hits the adder!
You kill the adder!
Vehumet accepts your kill.
You feel sick.
Unknown command.
Unknown command.
You feel sick.
You feel sick.
You feel sick.
Casting: Shock (safe; 1% risk of failure)
Confirm with . or Enter, or press ? or * to list all spells.
Okay, then.
You feel sick.
You are no longer poisoned.
Found a blossoming altar of Fedhas and a snail-covered altar of Cheibriados.
There is a fountain of clear blue water here.
There is a snail-covered altar of Cheibriados here.
The slime creature hits you!
* * * LOW HITPOINT WARNING * * *
The slime creature attacks as it pursues you!
The slime creature hits you.
* * * LOW HITPOINT WARNING * * *
There is a fountain of clear blue water here.
The slime creature misses you.
The slime creature attacks as it pursues you!
The slime creature hits you!
You die...

Skill      XL: |  1  2  3  4  5  6  7  8  9 |
---------------+----------------------------+-----
Conjurations   | 2 3 5 6 7 8 9 |  9.8
Shields        | 1 2 3 |  3.0
Air Magic      | 5 6 9 10 | 10.0
Fighting       | 3 |  3.0
Evocations     | 1 2 |  2.0
Spellcasting   | 4 |  4.0
Ice Magic      | 1 3 |  3.6
Dodging        | |  2.1
Stealth        | |  2.0

Action                     |  1- 3 |  4- 6 |  7- 9 || total
---------------------------+-------+-------+-------++-------
  Melee: Unarmed           |     1 |     7 |       ||     8
         Kick              |       |     1 |       ||     1
         Peck              |       |     1 |       ||     1
   Cast: Shock             |    49 |   117 |   222 ||   388
         Static Discharge  |       |     2 |    15 ||    17
         Airstrike         |       |       |     6 ||     6
    Use: Scroll            |     4 |     4 |     4 ||    12
         Potion            |       |     1 |       ||     1
 Armour: Robe              |     1 |    13 |    53 ||    67
  Dodge: Dodged            |     5 |    30 |    46 ||    81
  Block: Buckler           |       |    10 |    25 ||    35
         Reflection        |       |       |     4 ||     4

Levels and vault maps discovered:
D:1:      wander_arrival_fairy_ring, layout_basic, minmay_misc_feat_four_crosses
D:2:      layout_loops_ring, uniq_terence
D:3:      layout_loops_ring, portal_sewer_entry_b, uniq_crazy_yiuf_cottage
D:4:      layout_gridville, serial_shops, shop, dreamdust_wishing_well
D:5:      layout_basic, mainiacjoe_overflow_divided_tiny, ebering_ghost_sewer_d,
          uniq_pikel, uniq_menkaure, uniq_edmund
D:6:      layout_basic, makhleb_altar_promises_db, mainiacjoe_overflow_brackets,
          amethyst_overflow_temple_binary, grunt_tough_drop
D:7:      layout_basic, grunt_temple_overflow_opulence, nicolae_ru_awakened_eye,
          minmay_temple_entry_glass
D:8:      layout_loops_cross, lemuel_crystal_altar,
          mainiacjoe_overflow_surrounded_room, gammafunk_ghost_split,
          special_room [special_room_orc], uniq_erica
D:9:      layout_loops_ring, lemuel_mausoleum_altar_kikubaaqudgha,
          erik_lair_island, minmay_nine_imps, uniq_joseph
D:10:     layout_roguey, hellmonk_overflow_destroyed_library, xom_shifter_show

Notes
Turn   | Place    | Note
-------+----------+-------------------------------------------
     0 | D:1      | quinnr the Tengu Air Elementalist began the quest for the
                  | Orb.
     0 | D:1      | Reached XP level 1. HP: 10/10 MP: 4/4
    84 | D:1      | Reached skill level 2 in Conjurations
   157 | D:1      | Reached XP level 2. HP: 15/15 MP: 4/6
   296 | D:1      | Reached skill level 3 in Conjurations
   888 | D:2      | Noticed Terence
   897 | D:2      | Reached XP level 3. HP: 19/19 MP: 5/7
   940 | D:2      | Reached skill level 4 in Conjurations
  1100 | D:2      | Killed Terence
  1101 | D:2      | Reached skill level 5 in Conjurations
  1101 | D:2      | Reached XP level 4. HP: 24/24 MP: 3/8
  1315 | D:2      | Identified a scroll of acquirement
  1315 | D:2      | Acquired the +3 warlock's mirror {omnireflect}
  1315 | D:2      | Found the +3 warlock's mirror {omnireflect}
  1889 | D:3      | Reached skill level 1 in Shields
  1893 | D:3      | Reached XP level 5. HP: 26/28 MP: 1/9
  1962 | D:3      | Found a glowing drain.
  1974 | D:3      | Reached skill level 6 in Conjurations
  1982 | Sewer    | Entered a sewer
  2060 | Sewer    | Learned a level 2 spell: Static Discharge
  2261 | Sewer    | Reached skill level 2 in Shields
  2420 | Sewer    | Reached XP level 6. HP: 23/32 MP: 0/10
  2547 | Sewer    | HP: 2/32 [brain worm/psychic fangs (14)]
  2657 | Sewer    | Reached skill level 5 in Air Magic
  3284 | D:3      | Found a runed translucent door.
  3285 | D:3      | Noticed Crazy Yiuf
  3440 | D:4      | Reached skill level 3 in Shields
  3440 | D:4      | Reached skill level 7 in Conjurations
  3512 | D:4      | Gained mutation: Your magical flight helps you evade
                  | attacks. (EV +4) [Tengu growth]
  3512 | D:4      | Reached XP level 7. HP: 36/36 MP: 6/11
  3747 | D:4      | Reached skill level 8 in Conjurations
  3747 | D:4      | Reached skill level 1 in Fighting
  3964 | D:4      | Learned a level 4 spell: Airstrike
  4069 | D:4      | Reached skill level 2 in Fighting
  4430 | D:4      | Reached skill level 3 in Fighting
  4747 | D:4      | Reached skill level 6 in Air Magic
  4747 | D:4      | Reached skill level 1 in Evocations
  4883 | D:4      | Found Hurupt's Antique Armour Shop.
  4892 | D:4      | Bought an ancient robe for 153 gold pieces
  4892 | D:4      | Identified the +4 robe "Xoitsunk" {+Inv rElec rC+ rN+} (You
                  | bought it in a shop on level 4 of the Dungeon)
  4925 | D:4      | Reached XP level 8. HP: 46/46 MP: 6/12
  5043 | D:5      | Entered Level 5 of the Dungeon
  5047 | D:5      | Noticed Edmund
  5087 | D:4      | Edmund changed into Edmund the scorpion
  5087 | D:4      | Noticed Edmund
  5095 | D:4      | Killed Edmund the scorpion
  5096 | D:4      | Reached skill level 2 in Evocations
  5192 | D:4      | Reached skill level 7 in Air Magic
  5254 | D:5      | Identified 2 potions of resistance
  5356 | D:5      | Found a radiant altar of Vehumet.
  5411 | D:5      | Noticed Menkaure
  5417 | D:5      | Killed Menkaure
  5528 | D:5      | Found a broken altar of Ashenzari.
  5531 | D:5      | Became a worshipper of Vehumet
  5574 | D:5      | Noticed Pikel
  5690 | D:5      | Killed Pikel
  5691 | D:5      | Reached skill level 9 in Air Magic
  5691 | D:5      | Reached skill level 4 in Spellcasting
  5855 | D:5      | Learned a level 5 spell: Freezing Cloud
  6048 | D:5      | Reached skill level 1 in Ice Magic
  6048 | D:5      | Reached XP level 9. HP: 45/50 MP: 7/16
  6422 | D:5      | Found a runed translucent door.
  6422 | D:5      | Noticed grandjackal's ghost (weakling DjDe)
  6436 | D:5      | Killed grandjackal's ghost
  6714 | D:7      | Reached skill level 2 in Ice Magic
  7008 | D:7      | Reached skill level 9 in Conjurations
  7008 | D:7      | Reached skill level 10 in Air Magic
  7043 | D:7      | Found a sacrificial altar of Ru.
  7152 | D:7      | Reached skill level 3 in Ice Magic
  7196 | D:7      | You are sucked into a shaft and drop 3 floors!
  7196 | D:10     | Entered Level 10 of the Dungeon
  7374 | D:7      | Reached * piety under Vehumet
  7374 | D:7      | Offered knowledge of Freeze by Vehumet.
  7417 | D:7      | Found a staircase to the Ecumenical Temple.
  7487 | D:6      | Found a blossoming altar of Fedhas.
  7487 | D:6      | Found a snail-covered altar of Cheibriados.
  7500 | D:6      | Slain by a slime creature

Vanquished Creatures
  Pikel (D:5)
  Menkaure (D:5)
  An orc warrior (D:7)
  A sky beast (D:7)
  An ice beast (D:7)
  3 black bears
  2 ogres (D:4)
  A centaur (D:7)
  2 lemures (D:5)
  2 brain worms (Sewer)
  A kobold brigand (D:4)
  A bullfrog (D:7)
  A scorpion (D:4)
  4 wights (D:10)
  A howler monkey (D:7)
  An orc priest (D:4)
  A bombardier beetle (D:4)
  A gnoll bouda (D:6)
  3 hounds
  4 iguanas
  Terence (D:2)
  4 orc wizards
  15 adders
  6 gnolls
  A river rat (D:3)
  A shadow imp (D:5)
  2 worms (D:2)
  The ghost of grandjackal the Sneak, a weakling DjDe (D:5)
  2 dart slugs
  15 orcs
  7 endoplasms
  3 giant cockroaches
  9 goblins
  5 hobgoblins
  3 jackals (D:3)
  5 quokkas
  9 ball pythons
  7 bats
  4 frilled lizards
  3 kobolds
  12 rats
148 creatures vanquished.

Table legend: (Time is in decaauts)
 A = Elapsed time spent in this place.
 B = Non-inter-level travel time spent in this place.
 C = Inter-level travel time spent in this place.
 D = Time resting spent in this place.
 E = Time spent auto-exploring this place.
 F = Levels seen in this place.
 G = Mean time per level.
                   A        B        C        D        E       F      G
               +--------+--------+--------+--------+--------+-----+--------+
         Total |   7550 |   7347 |    203 |    510 |   5409 |  11 |  686.4 |
       Dungeon |   6753 |   6550 |    203 |    448 |   4807 |  10 |  675.3 |
         Sewer |    796 |    796 |      0 |     62 |    602 |   1 |  796.0 |
               +--------+--------+--------+--------+--------+-----+--------+

Top non-repeatable levels by time:
     D:4: 1790 daAuts
     D:5: 1412 daAuts
     D:2: 967 daAuts
     D:3: 879 daAuts
     D:1: 836 daAuts
   Sewer: 796 daAuts
     D:7: 636 daAuts
    D:10: 109 daAuts
     D:6: 103 daAuts
     D:9: 11 daAuts
     D:8: 6 daAuts

Table legend:
 A = Non-vault XP
 B = Vault XP
 C = Vault XP percentage of total XP
 D = Non-vault monster count
 E = Vault monster count
 F = Vault count percentage of total count
                 A         B        C        D         E       F
            +---------+---------+-------+---------+---------+-------
      Total |    2553 |    1248 |  32.8 |     118 |      28 |  19.2
            +---------+---------+-------+---------+---------+-------
        D:1 |      33 |       0 |   0.0 |      19 |       0 |   0.0
        D:2 |      77 |      36 |  31.9 |      20 |       1 |   4.8
        D:3 |      53 |      16 |  23.2 |      17 |       4 |  19.0
        D:4 |     819 |      87 |   9.6 |      27 |       1 |   3.6
        D:5 |     416 |     863 |  67.5 |      11 |       5 |  31.2
        D:6 |     101 |       0 |   0.0 |       6 |       0 |   0.0
        D:7 |     758 |       0 |   0.0 |      14 |       0 |   0.0
       D:10 |     296 |       0 |   0.0 |       4 |       0 |   0.0
      Sewer |       0 |     246 | 100.0 |       0 |      17 | 100.0
            +---------+---------+-------+---------+---------+-------

Levels and vault maps discovered:
D:1:      wander_arrival_fairy_ring, layout_basic, minmay_misc_feat_four_crosses
D:2:      layout_loops_ring, uniq_terence
D:3:      layout_loops_ring, portal_sewer_entry_b, uniq_crazy_yiuf_cottage
D:4:      layout_gridville, serial_shops, shop, dreamdust_wishing_well
D:5:      layout_basic, mainiacjoe_overflow_divided_tiny, ebering_ghost_sewer_d,
          uniq_pikel, uniq_menkaure, uniq_edmund
D:6:      layout_basic, makhleb_altar_promises_db, mainiacjoe_overflow_brackets,
          amethyst_overflow_temple_binary, grunt_tough_drop
D:7:      layout_basic, grunt_temple_overflow_opulence, nicolae_ru_awakened_eye,
          minmay_temple_entry_glass
D:8:      layout_loops_cross, lemuel_crystal_altar,
          mainiacjoe_overflow_surrounded_room, gammafunk_ghost_split,
          special_room [special_room_orc], uniq_erica
D:9:      layout_loops_ring, lemuel_mausoleum_altar_kikubaaqudgha,
          erik_lair_island, minmay_nine_imps, uniq_joseph
D:10:     layout_roguey, hellmonk_overflow_destroyed_library, xom_shifter_show
